 Dungeon Crawl Stone Soup version 0.21-a0-55-gb612c23 (webtiles) character file.

456 Ijustatesigmund the Magician (level 7, -16/46 HPs)
             Began as an Octopode Conjurer on June 14, 2017.
             Was an Initiate of Cheibriados.
             Demolished by Pikel
             ... wielding a +0 whip of freezing
              (18 damage)
             ... on level 4 of the Dungeon.
             The game lasted 00:17:57 (4918 turns).

Ijustatesigmund the Magician (Octopode Conjurer)    Turns: 4918, Time: 00:17:57

Health: -16/46     AC:  2    Str:  8    XL:     7   Next: 6%
Magic:  21/23      EV: 20    Int: 18    God:    Cheibriados [......]
Gold:   100        SH:  4    Dex: 21    Spells: 5/15 levels left

rFire    . . .     SeeInvis +   u - +5 spear of Midsummer {flame, +Inv}
rCold    . . .     Gourm    .   (no shield)
rNeg     . . .     Faith    .   (helmet restricted)
rPois    .         Spirit   .   n - +4 amulet of reflection
rElec    .         Reflect  +   d - ring of see invisible
rCorr    .         Harm     .   m - ring of magical power
MR       .....                  (no ring)
Stlth    +++++.....             (no ring)
HPRegen  0.55/turn              (no ring)
MPRegen  0.18/turn              (no ring)
                                (no ring)
                                (no ring)

@: agile, very slow
A: almost no armour, stealthy swim, amphibious, 8 rings, constrict 8, tentacle
spike 1, rugged brown scales 1, camouflage 1, regeneration 1, gelatinous body 1
a: Bend Time, Renounce Religion, Evoke Invisibility


You were on level 4 of the Dungeon.
You worshipped Cheibriados.
Cheibriados was noncommittal.
You were not hungry.

You visited 1 branch of the dungeon, and saw 5 of its levels.

You collected 247 gold pieces.
You spent 147 gold pieces at shops.

Inventory:

Hand Weapons
 e - a +0 dagger
 k - a +2 long sword of slicing
 u - the +5 spear of Midsummer (weapon) {flame, +Inv}
   (You found it on level 3 of the Dungeon)

   It has been specially enchanted to burn those struck by it, causing extra
   injury to most foes and up to half again as much damage against particularly
   susceptible opponents.
   It lets you turn invisible.
Missiles
 i - 10 javelins (quivered)
 v - 5 tomahawks
Magical Staves
 t - an uncursed staff of air
Jewellery
 d - a ring of see invisible (left tentacle)
 m - a ring of magical power (right tentacle)
 n - a +4 amulet of reflection (around mantle)
Wands
 o - a wand of flame (26/48)
Scrolls
 h - 2 scrolls of remove curse
 y - a scroll of teleportation
Potions
 c - a potion of berserk rage
 g - a potion of magic
 l - a potion of curing
 p - a potion of haste
 q - a potion of agility
 r - a potion of ambrosia
 s - a potion of resistance {unknown}
 x - a potion of might
Books
 a - a book of Conjurations

   Spells                             Type                      Level
   a - Magic Dart                     Conjuration                  1
   b - Searing Ray                    Conjuration                  2
   c - Dazzling Spray                 Conjuration/Hexes            3
   d - Fulminant Prism                Conjuration/Hexes            4
   e - Force Lance                    Conjuration/Translocation    4
   f - Iskenderun's Mystic Blast      Conjuration                  4
Comestibles
 b - a bread ration
 j - 2 meat rations
 w - 3 chunks of flesh


   Skills:
 - Level 2.0 Fighting
 - Level 2.0 Long Blades
 + Level 3.1 Dodging
 - Level 4.0 Stealth
 - Level 4.8 Spellcasting
 - Level 4.0 Conjurations
 + Level 0.6 Hexes
 + Level 1.6 Invocations


You had 5 spell levels left.
You knew the following spells:

 Your Spells              Type           Power        Failure   Level  Hunger
a - Magic Dart            Conj           ###.         2%          1    None
b - Searing Ray           Conj           ###...       4%          2    #......
c - Dazzling Spray        Conj/Hex       ##....       16%         3    ###....
d - Iskenderun's Mystic   Conj           ###.....     26%         4    ####...


Dungeon Overview and Level Annotations

Branches:
Dungeon (5/15)
 Temple: D:4-7

Altars:
Cheibriados
Dithmenos
Elyvilon
Fedhas
Qazlal
Zin

Shops:
D:4 *

Annotations:
D:3 2 transporters
D:4 Pikel


Innate Abilities, Weirdness & Mutations

You cannot wear most types of armour.
You are very stealthy in the water. (Stealth+)
You are amphibious.
You can wear up to eight rings at the same time.
You can use your tentacles to constrict eight enemies at once.
Your skin changes colour to match your surroundings (Stealth+).
Your rubbery body absorbs attacks. (AC +1, EV +1)
One of your tentacles bears a spike.
You are partially covered in rugged brown scales. (AC +1, +3% HP)
Your natural rate of healing is unusually fast.


Message History

You hit Pikel but do no damage.
You pierce Pikel, but do no damage.
Pikel is heavily wounded.
You constrict Pikel, but do no damage. The slave barely misses you.
Pikel misses you.
You puncture Pikel! You burn Pikel.
You pierce Pikel, but do no damage.
Pikel is almost dead.
You constrict Pikel. You block the slave's attack.
Pikel hits you with a whip of freezing!
* * * LOW HITPOINT WARNING * * *
Pikel freezes you.
* * * LOW HITPOINT WARNING * * *
The slave closely misses you. Pikel hits you with a whip of freezing.
* * * LOW HITPOINT WARNING * * *
Pikel freezes you.
* * * LOW HITPOINT WARNING * * *
You hit Pikel but do no damage.
Pikel is almost dead.
You constrict Pikel, but do no damage. The slave completely misses you.
Pikel hits you with a whip of freezing!!
You die...

.....#.#
#.#....#####
....##.# #.#..#.#
###.##.# #.##.#.#
#.##.# ##.##.#.#
#.##.###...#.#.#
###.##.........#.#
....>#####...###.#
.##..# ##.## #p#
.##..#####...###@#
.#.....##.###.##K#
.#.....#.## ##.#.#
.........# #...#
.#.....#.## ##.###
.#.....##.###.##
.#########...## .#
##.## .# #.#


You could see Pikel and a slave.

Vanquished Creatures
  3 slaves
  An ogre (D:4)
  A scorpion (D:4)
  A hound (D:4)
  A centaur skeleton (D:4)
  2 orc wizards (D:4)
  3 gnolls (D:3)
  8 adders
  An ooze (D:1)
  An adder skeleton (D:4)
  4 worms
  2 dart slugs
  6 orcs
  4 giant cockroaches
  8 goblins
  18 hobgoblins
  6 jackals (D:2)
  5 kobolds
  3 quokkas
  3 ball pythons
  5 bats
  2 frilled lizards
  A leopard gecko skeleton (D:4)
  8 rats
97 creatures vanquished.

Notes
Turn   | Place    | Note
-------+----------+-------------------------------------------
     0 | D:1      | Ijustatesigmund the Octopode Conjurer began the quest for the Orb.
     0 | D:1      | Reached XP level 1. HP: 11/11 MP: 3/3
   248 | D:1      | Reached XP level 2. HP: 17/17 MP: 3/5
   351 | D:1      | Learned a level 2 spell: Searing Ray
   882 | D:1      | Reached XP level 3. HP: 1/21 MP: 2/7
   906 | D:1      | HP: 1/21 [goblin (2)]
  1220 | D:1      | You fall through a shaft!
  1425 | D:2      | Learned a level 3 spell: Dazzling Spray
  1478 | D:2      | Found a glowing silver altar of Zin.
  1865 | D:2      | Reached XP level 4. HP: 27/27 MP: 4/9
  2105 | D:2      | Reached skill level 1 in Long Blades
  2137 | D:2      | Found a blossoming altar of Fedhas.
  2147 | D:2      | Reached skill level 1 in Fighting
  2655 | D:2      | Found a stormy altar of Qazlal.
  2702 | D:3      | Found a transporter.
  2705 | D:3      | Noticed a troll
  2706 | D:3      | Found a white marble altar of Elyvilon.
  2722 | D:3      | Reached XP level 5. HP: 33/33 MP: 11/11
  2735 | D:3      | Learned a level 4 spell: Iskenderun's Mystic Blast
  2961 | D:3      | Found a transporter.
  3472 | D:3      | Found a shadowy altar of Dithmenos.
  3535 | D:3      | Got a slimy spear
  3536 | D:3      | Identified the +5 spear of Midsummer {flame, +Inv} (You found it on level 3 of the Dungeon)
  3650 | D:4      | Noticed an ogre
  3803 | D:4      | Killed an ogre
  3803 | D:4      | Reached XP level 6. HP: 39/39 MP: 5/12
  3975 | D:4      | Found Bajuc's Assorted Antiques.
  3982 | D:4      | Bought a scroll of identify for 42 gold pieces
  3982 | D:4      | Bought a scroll of identify for 42 gold pieces
  3982 | D:4      | Bought a scroll of teleportation for 63 gold pieces
  3983 | D:4      | Gained mutation: One of your tentacles bears a spike. [potion of mutation]
  3983 | D:4      | Gained mutation: Your natural rate of healing is unusually fast. [potion of mutation]
  3983 | D:4      | Gained mutation: You are partially covered in rugged brown scales. (AC +1, +3% HP) [potion of mutation]
  4123 | D:4      | Found a snail-covered altar of Cheibriados.
  4128 | D:4      | Became a worshipper of Cheibriados the Contemplative
  4402 | D:4      | Reached skill level 1 in Invocations
  4672 | D:4      | Reached XP level 7. HP: 39/46 MP: 8/14
  4814 | D:5      | Entered Level 5 of the Dungeon
  4816 | D:5      | Noticed Pikel
  4917 | D:4      | HP: 2/46 [Pikel/whip of freezing (2)]
  4918 | D:4      | Demolished by Pikel

Vault maps used:
D:1:      dpeg_arrival_three_bigger_balls, minmay_misc_feat_x
D:2:      marbit_many_paths, lemuel_doored_altar, fedhas_altar_2
D:3:      gammafunk_temple_overflow_arena, nicolae_overflow_hidden_temple,
          minivault_5
D:4:      cheibriados_altar_1, first_bread, serial_shops, shop
D:5:      lemuel_round_altar, minmay_temple_entry_glass, uniq_pikel

Skill      XL: |  1  2  3  4  5  6 |
---------------+-------------------+-----
Spellcasting   | 3 4 |  4.8
Long Blades    | 1 2 |  2.0
Fighting       | 1 2 |  2.0
Stealth        | 4 |  4.0
Invocations    | 1 |  1.6
Dodging        | 3 |  3.1
Conjurations   | |  4.0
Hexes          | |  0.6

Action                   |  1- 3 |  4- 6 |  7- 9 || total
-------------------------+-------+-------+-------++-------
Melee: Dagger            |    30 |       |       ||    30
       Constrict         |     8 |    13 |     5 ||    26
       Tentacles         |     7 |     6 |     5 ||    18
       Long sword        |     3 |    36 |       ||    39
       Spear             |       |    18 |    24 ||    42
       Kick              |       |     3 |     8 ||    11
Throw: Javelin           |     2 |     1 |       ||     3
 Cast: Magic Dart        |    54 |   129 |     1 ||   184
       Searing Ray       |     1 |     3 |     1 ||     5
  Use: Scroll            |     4 |     9 |       ||    13
       Potion            |       |     1 |     3 ||     4
 Stab: Sleeping          |     2 |     4 |       ||     6
       Distracted        |       |       |     1 ||     1
  Eat: Chunk             |     2 |     9 |       ||    11
       Bread ration      |       |       |     1 ||     1
Armor: Skin              |     4 |     5 |     2 ||    11
Dodge: Dodged            |    23 |    58 |    17 ||    98
Block: Other             |       |     4 |     7 ||    11
       Rpst.: Long sword |       |     6 |       ||     6
